AoeStats
← FeG_King

African Clearing

504890054Analyzed
4v4 RM · 24d ago on Sep 6, 2026· 24m 22s· 8 players
Game mode
Random Map
Map size
Large (8 player)
Population
200
Speed
Normal
Resources
Standard
Victory
Conquest
Starting age
Dark Age
Ending age
Imperial Age
RankedLock teamsTeams togetherTeam positionsShared explorationLock speedFull tech treeHidden civsTurbo modeCheats
Victory
Defeat
🇦🇷 Mongols · Argentina
1376
+12
🇩🇪 Teutons · Germany
1284
+16
🇨🇳 Persians · China
1253
+17
🇧🇷 Huns · Brazil
1242
+18
🇦🇷 Spanish · Argentina
1291
-16
1291
-16
🇨🇱 Koreans · Chile
1284
-16
🇦🇷 Khmer · Argentina
1275
-15
In-Purpura-Veneficus
6:04 Loom
12:24 Feudal Age
bastianbps
10:35 Loom
12:29 Feudal Age
21:36 Wheelbarrow
heavensent
3:49 Loom
14:25 Feudal Age
18:19 Castle Age
19:44 Wheelbarrow
19:14 Padded Archer Armor
19:08 Double-Bit Axe
Braian
4:19 Loom
14:29 Feudal Age
18:29 Castle Age
17:11 Horse Collar
17:57 Double-Bit Axe
20:00 Bloodlines
pirate.king7
7:19 Loom
11:58 Feudal Age
13:22 Double-Bit Axe
21:21 Castle Age
20:08 Bloodlines
20:32 Gold Mining
20:53 Fletching
21:04 Padded Archer Armor
22:07 Bodkin Arrow
23:30 Bow Saw
FeG_King
16:14 Feudal Age
18:24 Fletching
孤鸿
5:29 Loom
15:38 Feudal Age
too old for this new shit
4:00 Loom
6:32 Loom
12:42 Feudal Age
13:30 Double-Bit Axe
13:26 Horse Collar
15:02 Forging
20:50 Scale Barding Armor
25:42 Castle Age
24:36 Bloodlines
Connection lost

Rejoining the realm…

Still unreachable

The connection could not be restored.

Session expired

The server has moved on; the page needs a fresh start.